 Dungeon Crawl Stone Soup version 0.31-a0-845-g9abc20d24f (webtiles) character file.

Game seed: 13129834854179003990

379 Ethylacetat the Changeling (level 6, -7/42 HPs)
             Began as an Octopode Shapeshifter on Oct 2, 2023.
             Mangled by a gnoll
             ... wielding a +5 halberd
              (12 damage)
             ... on level 4 of the Dungeon.
             The game lasted 00:02:53 (2339 turns).

Ethylacetat the Changeling (Octopode Shapeshifter)  Turns: 2339, Time: 00:02:54

Health: -7/42      AC:  1    Str: 14    XL:     6   Next: 74%
Magic:  6/6        EV: 14    Int: 12    God:
Gold:   137        SH:  0    Dex: 13    Spells: 5/5 levels left

rFire   . .          .
                       - Unarmed
rCold   . . .        (no shield)
rNeg    . . .        (helmet currently unavailable)
rPois   .            (no amulet)
rElec   .            s - ring of resist corrosion
rCorr   +            i - ring of willpower
SInv    .            (no ring)
Will    +....        (no ring)
Stlth   ++           (no ring)
HPRegen 0.27/turn    (no ring)
MPRegen 0.10/turn    (no ring)
                     (no ring)

%: no passive effects
@: lethally poisoned (-7 -> -26), beast-form
A: beast (slay +2), almost no armour, amphibious, 8 rings, camouflage 1,
gelatinous body 1, (nimble swimmer 1), tentacles
a: Begin Untransformation


You were on level 4 of the Dungeon.
You were a hulking beast.
You visited 1 branch of the dungeon, and saw 4 of its levels.

You collected 137 gold pieces.

Inventory:

Jewellery
 i - a ring of willpower (right tentacle)
 s - a ring of resist corrosion (left tentacle)
Talismans
 b - a beast talisman (active)
 c - a flux talisman
Scrolls
 d - a scroll of fog {unknown}
 f - a scroll of vulnerability {unknown}
 g - 4 scrolls of teleportation {unknown}
 h - a scroll of blinking {unknown}
 j - a scroll of poison {unknown}
 k - a scroll of noise {unknown}
 l - a scroll of revelation {unknown}
 m - a scroll of silence {unknown}
 o - 2 scrolls of identify {unknown}
 q - a scroll of enchant armour {unknown}
 r - a scroll of immolation {unknown}
 t - a scroll of summoning {unknown}
 u - a scroll of brand weapon {unknown}
Potions
 a - a potion of lignification
 e - a potion of curing {unknown}
 n - a potion of enlightenment {unknown}
 p - 2 potions of resistance {unknown}


   Skills:
 + Level 3.0 Fighting
 + Level 3.5 Dodging
 + Level 4.1 Unarmed Combat
 * Level 4.8 Shapeshifting


You had 5 spell levels left.
You didn't know any spells.
Your spell library contained the following spells:

 Spells                   Type           Power      Damage    Failure   Level
 Blink                    Tloc           0%         N/A       45%         2
 Lesser Beckoning         Tloc           0%         N/A       45%         2
 Momentum Strike          Conj/Tloc      0%         3d8       45%         2
 Gell's Gravitas          Tloc           0%         N/A       69%         3
 Teleport Other           Tloc           0%         N/A       69%         3
 Dispersal                Tloc           0%         N/A       100%        6


Dungeon Overview and Level Annotations

Branches:
Dungeon (4/15)
 Temple: D:4-7

Altars:
Fedhas
Makhleb


Innate Abilities, Weirdness & Mutations

You are a hulking beast.
Your limbs bulge with bestial killing power. (Slay +2)
You cannot wear most types of armour.
You are amphibious.
You can wear up to eight rings at the same time.
Your skin changes colour to match your surroundings (Stealth+).
Your rubbery body absorbs attacks. (AC +1, EV +1)
((You are camouflaged when in or above water. (Stealth+)))
You have tentacles for arms and can constrict up to eight enemies at once.


Message History

The gnoll shouts! x2; You hear a shout!
Found a ring mail.
Found a stone staircase leading down.
There is a stone staircase leading up here.
The gnoll shouts! x2
An orc comes into view. It is wielding a +0 flail.
The gnoll throws a throwing net.
The throwing net closely misses you.
There is a stone staircase leading up here.
You tentacle-slap the gnoll. Your grab misses the gnoll.
The gnoll is moderately wounded.
The gnoll barely misses you. x2
You tentacle-slap the gnoll. Your grab misses the gnoll.
The gnoll is heavily wounded.
The gnoll barely misses you. The gnoll hits you with a +0 club!
Unknown command.
You closely miss the gnoll. You grab the gnoll.
The gnoll is heavily wounded.
You constrict the gnoll, but do no damage.
The gnoll barely misses you.
The gnoll struggles to escape constriction.
You tentacle-slap the gnoll. You squeeze the gnoll.
You kill the gnoll!
The gnoll barely misses you. The gnoll hits you with a +0 whip.
You barely miss the gnoll. Your grab misses the gnoll.
The gnoll hits you with a +1 whip of venom.
You are poisoned.
The gnoll misses you. The gnoll hits you with a +0 whip.
Okay, then.
You feel very sick.
The gnoll hits you with a +1 whip of venom.
* * * LOW HITPOINT WARNING * * *
You are more poisoned.
The gnoll barely misses you.
The gnoll hits you from afar with a +5 halberd.
* * * LOW HITPOINT WARNING * * *
You see here a throwing net.
* * * LOW HITPOINT WARNING * * *
You feel very sick. The orc completely misses you.
The gnoll attacks as it pursues you!
The gnoll hits you from afar with a +5 halberd!
You die...

#### ##(.#
#hgg##
#.og.#
#.....#
#...[..#
#.......#
#.....>.#
#........#
#........#
#.......##


You could see 3 gnolls and an orc.

Vanquished Creatures
  A black bear (D:3)
  2 scorpions (D:3)
  An iguana (D:3)
  A gnoll (D:4)
  7 adders
  2 worms (D:3)
  2 dart slugs (D:3)
  4 orcs (D:3)
  5 ball pythons
  2 bats
  10 endoplasms
  2 giant cockroaches
  6 goblins
  2 hobgoblins (D:2)
  10 kobolds
  3 quokkas
  A frilled lizard (D:1)
  9 rats
70 creatures vanquished.

Notes
Turn   | Place    | Note
-------+----------+-------------------------------------------
     0 | D:1      | Ethylacetat the Octopode Shapeshifter began the quest for
                  | the Orb.
     0 | D:1      | Reached XP level 1. HP: 13/13 MP: 1/1
   115 | D:1      | Reached XP level 2. HP: 18/18 MP: 2/2
   519 | D:1      | Reached XP level 3. HP: 23/23 MP: 3/3
   761 | D:2      | Found a blossoming altar of Fedhas.
  1184 | D:2      | Reached XP level 4. HP: 29/29 MP: 4/4
  1385 | D:3      | Reached XP level 5. HP: 7/34 MP: 5/5
  1753 | D:3      | Noticed a black bear
  1760 | D:3      | Killed a black bear
  1793 | D:3      | Found a burning altar of Makhleb.
  1906 | D:3      | Reached XP level 6. HP: 40/41 MP: 6/6
  2339 | D:4      | Mangled by a gnoll

Illustrated notes

Levels and vault maps discovered:
D:1:      amcnicky_arrival_single_pillar, layout_basic, hex_intersection
D:2:      minmay_chambers_of_twos, layout_basic, basic_altar,
          minmay_tetromino_o4
D:3:      minmay_chambers_of_threes, layout_rooms, mainiacjoe_overflow_alcove_4,
          minivault_26
D:4:      layout_cave_pods, overflow_temple_1_default,
          gup_ossuary_entry_pyramid, minmay_shop_grid_forest,
          chequers_serial_rivers_micro_e, uniq_robin, uniq_grinder

Skill      XL: |  1  2  3  4  5  6 |
---------------+-------------------+-----
Fighting       | 2 3 |  3.0
Shapeshifting  | 4 |  4.8
Dodging        | 3 |  3.5
Unarmed Combat | 4 |  4.1

Action                     |  1- 3 |  4- 6 || total
---------------------------+-------+-------++-------
  Melee: Unarmed           |    59 |    85 ||   144
         Constrict         |    18 |    22 ||    40
         Tentacles         |    11 |    21 ||    32
         Punch             |     1 |     1 ||     2
   Stab: Sleeping          |     5 |     6 ||    11
 Armour: Skin              |    21 |    40 ||    61
  Dodge: Dodged            |    25 |    45 ||    70

Table legend: (Time is in decaauts)
 A = Elapsed time spent in this place.
 B = Non-inter-level travel time spent in this place.
 C = Inter-level travel time spent in this place.
 D = Time resting spent in this place.
 E = Time spent auto-exploring this place.
 F = Levels seen in this place.
 G = Mean time per level.
                   A        B        C        D        E       F      G
               +--------+--------+--------+--------+--------+-----+--------+
         Total |   2327 |   2256 |     71 |      0 |   1874 |   4 |  581.8 |
       Dungeon |   2327 |   2256 |     71 |      0 |   1874 |   4 |  581.8 |
               +--------+--------+--------+--------+--------+-----+--------+

Top non-repeatable levels by time:
     D:3: 998 daAuts
     D:2: 723 daAuts
     D:1: 594 daAuts
     D:4: 11 daAuts
